Map: Kairos Junction LE

Players

IIIIIIIIIIII - Winner!

  • Race: Terran Terran
  • League: Master
  • Spawn Location: 11:00

Mez

  • Race: Terran Terran
  • League: Master
  • Spawn Location: 5:00

VOD

Have the link to the VOD?

Description

Time

  • Played on: Aug. 1, 2019, 9:30 a.m.
  • Length: 6:53
Show
View Real Time Build Order
Export as new Build Order

IIIIIIIIIIII Terran - Winner!

Build Orders:  

Get SALT Encoding   

  12  0:00  SCV  
  13  0:13  SCV  
  14  0:17  Supply Depot  
  14  0:25  SCV  
  14  0:27  Refinery  
  15  0:38  SCV  
  16  0:44  Barracks  
  16  0:50  SCV  
  16  0:55  Refinery  
  17  1:02  SCV  
  18  1:15  SCV  
  19  1:32  Orbital Command  
  19  1:33  Factory  
  19  1:35  Reaper  
  20  1:44  Supply Depot  
  20  1:57  SCV  
  21  2:09  SCV  
  21  2:11  Reaper  
  23  2:17  Hellion  
  23  2:21  SCV  
  26  2:34  Command Center  
  26  2:38  SCV  
  26  2:39  Supply Depot  
  26  2:41  Widow Mine  
  26  2:44  Barracks Reactor  
  29  2:51  Starport  
  29  2:54  SCV  
  30  3:03  Factory Tech Lab  
  30  3:07  SCV  
  31  3:20  Marine x2  
  31  3:21  Cyclone  
  31  3:25  SCV  
  37  3:27  Refinery  
  37  3:30  Starport Tech Lab  
  37  3:38  SCV, Marine  
  39  3:45  Marine  
  39  3:46  Orbital Command  
  39  3:48  Raven  
  42  4:02  Marine  
  41  4:03  Cyclone, Marine  
  41  4:07  SCV  
  44  4:12  SCV  
  44  4:16  Supply Depot  
  45  4:19  SCV  
  45  4:22  Marine x2  
  45  4:24  SCV  
  49  4:30  Raven  
  49  4:31  SCV  
  51  4:43  Marine x2  
  46  4:50  Siege Tank  
  46  4:51  SCV x2  
  46  4:52  Supply Depot  
  51  5:01  Marine x2  
  51  5:03  SCV x2  
  55  5:13  Raven  
  57  5:16  Refinery  
  57  5:17  SCV x2, Command Center  
  57  5:19  Marine x2  
  61  5:24  Supply Depot  
  61  5:27  Siege Tank  
  64  5:30  SCV  
  64  5:31  SCV  
  66  5:37  Marine x2  
  66  5:42  SCV  
  69  5:43  SCV  
  70  5:54  SCV  
  70  5:55  SCV  
  72  5:59  Siege Tank  
  75  6:04  Viking  
  75  6:06  SCV  
  75  6:09  Supply Depot  
  75  6:10  Supply Depot  
  78  6:17  Viking, SCV  
  78  6:18  SCV  
  82  6:21  Engineering Bay  
  82  6:22  Engineering Bay  
  82  6:29  SCV  
Show
View Real Time Build Order
Export as new Build Order

Mez Terran 

Build Orders: Gas First Reaper Expand 

Get SALT Encoding   

  12  0:01  SCV  
  13  0:13  SCV  
  14  0:17  Supply Depot  
  14  0:25  SCV  
  15  0:28  Refinery  
  15  0:39  SCV  
  16  0:46  Barracks  
  16  0:52  SCV  
  17  1:04  SCV  
  18  1:16  SCV  
  19  1:32  Reaper  
  19  1:33  Orbital Command  
  20  1:46  Command Center  
  20  1:57  Supply Depot  
  20  1:59  SCV  
  21  2:09  Factory  
  21  2:11  Barracks Reactor  
  21  2:16  SCV  
  22  2:26  Refinery  
  22  2:35  SCV  
  23  2:49  SCV  
  24  2:55  Starport  
  24  2:59  Hellion  
  24  3:00  Hellion, Orbital Command  
  24  3:03  Barracks Tech Lab  
  29  3:05  SCV  
  29  3:17  SCV  
  30  3:21  Hellion x2  
  30  3:23  Concussive Shells, Marauder  
  36  3:31  SCV x2  
  36  3:33  Medivac  
  40  3:43  SCV x2  
  40  3:44  Hellion  
  40  3:47  Marauder  
  46  3:56  SCV  
  46  4:02  Hellion  
  46  4:21  Supply Depot  
  46  4:22  Supply Depot  
  46  4:33  Viking, SCV x2  
  46  4:35  Command Center  
  39  4:45  SCV x2  
  39  4:49  Siege Tank, Marine x2  
  42  4:57  SCV x2  
  44  5:03  Starport Tech Lab  
  44  5:08  Barracks  
  44  5:09  SCV x2, Marine x2, Barracks  
  48  5:21  Raven  
  48  5:25  Siege Tank  
  48  5:26  SCV x2  
  55  5:32  Engineering Bay x2  
  55  5:37  Refinery  
  55  5:38  Refinery  
  55  5:40  SCV  
  55  5:41  SCV  
  57  5:49  Orbital Command  
  55  5:52  SCV  
  55  5:53  SCV  
  57  6:03  Barracks Reactor, Factory Reactor  
  57  6:12  SCV x2  
  59  6:21  Marine x3  
  62  6:26  Orbital Command  
  62  6:31  SCV x2  
Tags
 
Add a new tag
Caveats
  • Supply blocks, unpowered buildings, or Contaminate may cause inaccurate times.
  • Supply counts are checked every 10 seconds.